 Dungeon Crawl Stone Soup version 0.20-a0-958-g783e32d (webtiles) character file.

40 M4edhros the Chopper (level 3, 0/33 HPs)
             Began as a Minotaur Berserker on Apr 6, 2017.
             Was a Believer of Trog.
             Slain by a gnoll
             ... wielding a +0 spear
              (3 damage)
             ... on level 2 of the Dungeon.
             The game lasted 00:01:48 (422 turns).

M4edhros the Chopper (Minotaur Berserker)            Turns: 422, Time: 00:01:48

Health: 0/33       AC:  6    Str: 18 (21) XL:     3   Next: 30%
Magic:  2/2        EV: 16    Int:  3 (4)  God:    Trog [**....]
Gold:   40         SH:  0    Dex: 14 (15) Spells: 2/2 levels left

rFire    . . .     SeeInvis .   a - +0 hand axe
rCold    . . .     Gourm    .   (no shield)
rNeg     . . .     Faith    .   k - +0 scale mail
rPois    .         Spirit   .   (helmet restricted)
rElec    .         Reflect  .   (no cloak)
rCorr    .         Harm     .   (no gloves)
MR       ++...                  (no boots)
Stlth    +.........             (no amulet)
Regen    1.2/turn               (no ring)
MPRegen  0.1/turn               (no ring)

@: agile, exhausted, regenerating, slowed, very slow
A: retaliatory headbutt, horns 2
a: Berserk, Trog's Hand, Burn Spellbooks, Renounce Religion


You were on level 2 of the Dungeon.
You worshipped Trog.
Trog was pleased with you.
You were not hungry.

You visited 1 branch of the dungeon, and saw 2 of its levels.

You collected 40 gold pieces.

Inventory:

Hand Weapons
 a - a +0 hand axe (weapon)
Armour
 b - a +0 animal skin
 k - a +0 scale mail (worn)
Scrolls
 d - 2 scrolls of remove curse {unknown}
 f - a scroll of blinking {unknown}
 h - a scroll of teleportation {unknown}
 i - a scroll of amnesia {unknown}
 l - a scroll of recharging {unknown}
 m - a scroll of identify {unknown}
Potions
 n - a potion of flight {unknown}
 o - a potion of haste {unknown}
Comestibles
 c - a bread ration
 g - 3 meat rations


   Skills:
 + Level 4.0 Fighting
 * Level 4.3 Axes
 + Level 3.2 Armour
 + Level 2.5 Dodging


You had 2 spell levels left.
You didn't know any spells.

Dungeon Overview and Level Annotations

Branches:
Dungeon (2/15)

Altars:


Innate Abilities, Weirdness & Mutations

You reflexively headbutt those who attack you in melee.
You have a pair of horns on your head.


Message History

The gnoll hits you from afar with a halberd of distortion.
You blink.
The gnoll hits you from afar with a spear.
* * * LOW HITPOINT WARNING * * *
The gnoll misses you.
You aren't carrying any items that you can evoke.
Okay, then.
Your skin crawls.
You feel resistant to hostile enchantments.
You feel somewhat more hungry. The gnoll closely misses you.
The gnoll misses you. The gnoll hits you with a halberd!
* * * LOW HITPOINT WARNING * * *
The gnoll hits you but does no damage.
Unknown command.
It was a potion of degeneration.
There was something very wrong with that liquid.
You feel weakened.
You feel dopey.
You feel clumsy.
You feel the effects of Trog's Hand fading.
The gnoll hits you from afar with a spear.
You die...

.... #........ .....#..##.#
#.#.# ..##.# ...). ..##.#
#.#.# #.##.# # #.#.# #.##.#
#..####.#.###.##.#######
.............@gg........
#......<#.#.#..#.####
#.#####.#.#.#gg#.##########
.......†..............#
###...#...............#
#.................#..#
##.#...#..#######.#..#
#.#...#..### #.#..#
#.#......#<# #.#..#


You could see 4 gnolls.

Vanquished Creatures
  An adder (D:2)
  A worm (D:2)
  4 dart slugs
  2 bats (D:1)
  4 goblins (D:1)
  2 hobgoblins (D:1)
  A frilled lizard (D:1)
  3 kobolds (D:1)
  3 rats (D:1)
21 creatures vanquished.

Notes
Turn   | Place    | Note
-------+----------+-------------------------------------------
     0 | D:1      | M4edhros the Minotaur Berserker began the quest for the Orb.
     0 | D:1      | Reached XP level 1. HP: 19/19 MP: 0/0
    65 | D:1      | HP: 1/20 [kobold/short sword (4)]
   159 | D:1      | Reached XP level 2. HP: 10/27 MP: 1/1
   163 | D:1      | HP: 1/27 [dart slug/slug dart (1)]
   171 | D:1      | HP: 1/27 [rat (1)]
   332 | D:1      | Reached ** piety under Trog
   332 | D:1      | Reached XP level 3. HP: 11/33 MP: 2/2
   422 | D:2      | Slain by a gnoll

Vault maps used:
D:1:      lemuel_arrival_muddy, serial_bayou_pond_a, minmay_box_of_dots
D:2:      minitemple, uniq_jessica

Skill      XL: |  1  2  3 |
---------------+----------+-----
Axes           | 4 |  4.3
Armour         | 3 |  3.2
Fighting       | 4 |  4.0
Dodging        | |  2.5

Action                   || total
-------------------------++-------
Melee: Hand axe          ||    43
       Headbutt          ||     3
Invok: Berserk           ||     2
       Trog's Hand       ||     1
  Use: Potion            ||     2
Armor: Animal skin       ||     2
       Scale mail        ||    18
Dodge: Dodged            ||    30
